AoeStats
← Dr. Oranje

MegaRandom

509440111Analyzed
4v4 RM · 6d ago on Sep 26, 2026· 57m 35s· 8 players
Game mode
Random Map
Map size
Large (8 player)
Population
200
Speed
Normal
Resources
Standard
Victory
Conquest
Starting age
Dark Age
Ending age
Imperial Age
RankedLock teamsTeams togetherTeam positionsShared explorationLock speedFull tech treeHidden civsTurbo modeCheats
Victory
Defeat
🇵🇪 Mongols · Peru
1291
+12
🇵🇹 Turks · Portugal
1275
+13
🇫🇮 Burgundians · Finland
1262
+13
🇷🇺 Saracens · Russia
1252
+14
🇳🇱 Saxons · Netherlands
1343
-18
🇳🇱 Khitans · Netherlands
1229
-14
🇳🇱 Danes · Netherlands
1225
-13
🇳🇱 Koreans · Netherlands
1035
-7
HeO_3km
4:09 Loom
10:06 Feudal Age
21:02 Castle Age
20:06 Double-Bit Axe
21:04 Town Watch
21:12 Horse Collar
31:30 Elite Skirmisher
38:42 Wheelbarrow
42:10 Scale Barding Armor
42:00 Fletching
42:12 Padded Archer Armor
45:47 Gold Mining
45:52 Stone Mining
51:39 Bodkin Arrow
55:20 Hand Cart
56:27 Light Cavalry
57:55 Leather Archer Armor
Massarock
11:00 Feudal Age
11:35 Double-Bit Axe
11:48 Loom
11:49 Town Watch
12:33 Horse Collar
13:31 Forging
17:25 Scale Barding Armor
23:52 Castle Age
23:00 Bloodlines
24:35 Husbandry
24:55 Bow Saw
24:46 Heavy Plow
25:22 Wheelbarrow
25:43 Iron Casting
27:26 Chain Barding Armor
31:40 Hand Cart
40:22 Imperial Age
42:06 Plate Barding Armor
42:42 Two-Man Saw
42:46 Blast Furnace
44:42 Fletching
44:53 Padded Archer Armor
47:19 Ballistics
47:20 Bombard Tower
50:19 Leather Archer Armor
52:13 Ring Archer Armor
52:33 Treadmill Crane
53:04 Masonry
53:52 Artillery
56:08 Heated Shot
56:50 Architecture
57:09 Conscription
El sea
11:26 Feudal Age
9:57 Loom
12:17 Double-Bit Axe
15:25 Bow Saw
15:02 Horse Collar
17:33 Castle Age
16:07 Heavy Plow
17:35 Wheelbarrow
19:24 Gold Mining
20:28 Hand Cart
24:18 Two-Man Saw
24:52 Cavalier
27:30 Gold Shaft Mining
26:42 Elite Skirmisher
27:57 Scale Barding Armor
28:27 Heavy Plow
28:32 Husbandry
28:45 Forging
28:34 Town Watch
29:46 Chain Barding Armor
30:06 Fletching
30:47 Stone Mining
31:30 Crop Rotation
31:51 Iron Casting
32:24 Bodkin Arrow
34:32 Stone Shaft Mining
34:19 Padded Archer Armor
37:29 Imperial Age
36:22 Leather Archer Armor
38:25 Ballistics
38:37 Town Patrol
40:16 Plate Barding Armor
40:42 Blast Furnace
39:42 Bracer
39:05 Paladin
39:29 Sappers
40:22 Conscription
41:58 Chemistry
45:01 Burgundian Vineyards
45:39 Squires
45:01 Pikeman
47:10 Masonry
46:57 Murder Holes
47:35 Scale Mail Armor
46:57 Halberdier
47:23 Arson
53:51 Chain Mail Armor
54:09 Architecture
53:21 Treadmill Crane
54:35 Hoardings
57:06 Plate Mail Armor
WALLS
6:33 Loom
8:45 Feudal Age
10:27 Double-Bit Axe
20:55 Castle Age
18:59 Gold Mining
18:51 Horse Collar
19:36 Scale Barding Armor
20:24 Forging
21:06 Bloodlines
21:20 Light Cavalry
22:22 Bow Saw
23:29 Iron Casting
24:52 Chain Barding Armor
26:38 Wheelbarrow
29:39 Fletching
33:21 Stone Mining
34:47 Gold Shaft Mining
37:55 Stone Shaft Mining
41:37 Imperial Age
40:32 Bodkin Arrow
41:14 Hand Cart
41:46 Town Watch
42:40 Drill
41:56 Onager
42:55 Bracer
44:12 Ballistics
44:25 Padded Archer Armor
46:24 Heavy Plow
49:21 Chemistry
49:11 Ballistics
48:43 Elite Mangudai
50:03 Leather Archer Armor
50:15 Parthian Tactics
49:56 Thumb Ring
50:15 Town Patrol
50:13 Siege Onager
53:16 Conscription
53:32 Hoardings
53:31 Husbandry
56:01 Nomads
Ir. Henk deJeager
9:50 Feudal Age
8:09 Loom
12:50 Fletching
14:41 Padded Archer Armor
21:04 Castle Age
20:49 Double-Bit Axe
21:04 Horse Collar
21:09 Crossbowman
22:27 Bodkin Arrow
27:28 Bow Saw
28:37 Ballistics
35:07 Imperial Age
35:31 Leather Archer Armor
35:18 Scale Mail Armor
35:57 Bracer
36:25 Arbalester
36:49 Pikeman
39:16 Halberdier
39:56 Squires
43:23 Man-at-Arms
43:49 Gambesons
43:49 Arson
46:23 Thumb Ring
46:49 Conscription
47:19 Chain Mail Armor
47:22 Forging
47:52 Elite Hearth Troop
48:40 Long Swordsman
48:45 Shield Wall
50:38 Ring Archer Armor
52:02 Two-Handed Swordsman
52:02 Elite Varangian Guard
53:45 Plate Mail Armor
55:27 Two-Man Saw
55:32 Champion
Piet Hoane
7:18 Loom
9:47 Feudal Age
9:54 Man-at-Arms
12:08 Arson
12:16 Horse Collar
16:55 Wheelbarrow
17:54 Scale Mail Armor
18:04 Forging
23:43 Castle Age
22:08 Fletching
24:40 Pikeman
25:21 Squires
26:34 Bodkin Arrow
29:30 Chain Mail Armor
36:36 Double-Bit Axe
37:55 Bow Saw
42:52 Ballistics
42:56 Hand Cart
46:43 Imperial Age
47:29 Bracer
50:16 Chemistry
48:50 Elite Longship
49:03 Halberdier
51:16 Plate Mail Armor
51:21 Iron Casting
54:05 Conscription
54:12 Northmen's Fury
55:29 Hoardings
Dr. Oranje
14:22 Feudal Age
13:05 Loom
19:17 Horse Collar
19:25 Double-Bit Axe
22:49 Wheelbarrow
29:08 Wheelbarrow
34:00 Fletching
36:28 Castle Age
35:31 Scale Mail Armor
35:44 Forging
38:39 Pikeman
40:10 Squires
43:47 Stone Mining
47:10 Hand Cart
51:34 Eupseong
53:47 Ballistics
53:12 Treadmill Crane
57:50 Imperial Age
Gerrit van Rivia
11:40 Feudal Age
11:43 Man-at-Arms
13:03 Loom
14:56 Domestication
15:48 Arson
19:36 Double-Bit Axe
20:34 Scale Mail Armor
20:46 Forging
23:47 Castle Age
26:00 Long Swordsman
28:49 Wheelbarrow
28:30 Bow Saw
30:56 Chain Mail Armor
31:17 Iron Casting
30:49 Gold Mining
31:00 Pikeman
33:09 Hand Cart
45:06 Scale Barding Armor
46:44 Chain Barding Armor
49:01 Imperial Age
47:10 Husbandry
Connection lost

Rejoining the realm…

Still unreachable

The connection could not be restored.

Session expired

The server has moved on; the page needs a fresh start.